 Dungeon Crawl Stone Soup version 0.17-a0-910-ga669010 (webtiles) character file.

3123 lorenzova the Jinx (level 9, -4/38 (39) HPs)
             Began as a Spriggan Enchanter on May 2, 2015.
             Was a Believer of Dithmenos.
             Killed by divine providence
             ... invoked by an orc priest
              (14 damage)
             ... on level 7 of the Dungeon.
             The game lasted 00:15:32 (7733 turns).

lorenzova the Jinx (Spriggan Enchanter)             Turns: 7733, Time: 00:15:32

HP:   -4/38 (39)    AC:  4    Str:  7    XL:     9   Next: 60%
MP:   19/23         EV: 22    Int: 16    God:    Dithmenos [**....]
Gold: 467           SH:  0    Dex: 17    Spells: 2 memorised, 22 levels left

rFire  . . .     SeeInvis +     E - +1 dagger (venom)
rCold  . . .     Clarity  .     C - +1 robe {rN+}
rNeg   + . .     SustAb   .     (shield restricted)
rPois  .         Gourm    .     (helmet restricted)
rElec  .         Spirit   .     r - +0 cloak (curse)
rCorr  .         Warding  .     (gloves unavailable)
rMut   .         Stasis   .     (boots unavailable)
MR     +....                    (no amulet)
Stlth  ++++++....               (no ring)
                                (no ring)

@: wreathed by umbra, very quick, somewhat resistant to hostile enchantments,
very stealthy
A: unfitting armour, see invisible, herbivore 3, speed 3, slow metabolism 2
a: Shadow Step, Renounce Religion


You were on level 7 of the Dungeon.
You worshipped Dithmenos.
Dithmenos was pleased with you.
You were near starving.

You visited 2 branches of the dungeon, and saw 8 of its levels.

You collected 467 gold pieces.

Inventory:

Hand weapons
 a - a +1 dagger
 w - a +0 dagger of speed
 E - a +1 dagger of venom (weapon)
Armour
 b - a +1 robe
 r - a cursed +0 cloak (worn)
 C - a +1 robe of positive energy (worn)
Jewellery
 z - an uncursed amulet of faith
Magical devices
 o - a wand of polymorph (8)
 q - a wand of confusion (7)
 x - a wand of digging (10)
 y - a wand of flame (28)
 F - a wand of cold (7)
Scrolls
 f - 3 scrolls of amnesia
 i - 6 scrolls of identify
 j - a scroll of blinking {unknown}
 l - 2 scrolls of random uselessness {unknown}
 n - a scroll of fear {unknown}
 s - 3 scrolls of teleportation {unknown}
 u - 2 scrolls of enchant weapon {unknown}
 A - a scroll of magic mapping {unknown}
Potions
 e - 2 potions of haste {unknown}
 g - 2 potions of curing {unknown}
 h - a potion of flight {unknown}
 k - 2 potions of lignification {unknown}
 p - a potion of magic {unknown}
 t - 2 potions of brilliance {unknown}
 v - 2 potions of might {unknown}
 B - a potion of agility {unknown}
Books
 c - a book of Maledictions

   Spells                             Type                      Level
   a - Corona                         Hexes                        1
   b - Ensorcelled Hibernation        Hexes/Ice                    2
   c - Confuse                        Hexes                        3
   d - Tukima's Dance                 Hexes                        3
   e - Dazzling Spray                 Conjuration/Hexes            3
Comestibles
 d - 9 bread rations
 m - 2 slices of pizza
 D - 2 fruits


   Skills:
 * Level 4.9 Short Blades
 * Level 7.1 Dodging
 + Level 8.9 Stealth
 - Level 9.5 Spellcasting
 - Level 9.9 Hexes


You had 22 spell levels left.
You knew the following spells:

 Your Spells              Type           Power        Failure   Level  Hunger
b - Ensorcelled Hibernat  Hex/Ice        ###...       1%          2    None
c - Confuse               Hex            #####...     1%          3    None


Dungeon Overview and Level Annotations

Branches:
Dungeon (7/15)             Temple (1/1) D:4

Altars:
Ashenzari
Cheibriados
Dithmenos
Elyvilon
Fedhas
Gozag
Kikubaaqudgha
Makhleb
Nemelex Xobeh
Okawaru
Qazlal
Ru
Sif Muna
Trog
Vehumet
Xom
Yredelemnul
Zin
The Shining One


Innate Abilities, Weirdness & Mutations

You are tiny and cannot use many weapons and most armour.
You have supernaturally acute eyesight.
You are a herbivore.
You cover ground extremely quickly.
You need consume almost no food.


Message History

An orc wizard comes into view. It is wielding a dagger of speed.
An orc comes into view. It is wielding an enchanted flail.
The orc priest shouts!
The orc priest mumbles some strange prayers to Beogh against you.
Something smites you!
Casting: Confuse
Confirm with . or Enter, or press ? or * to list all spells.
Aiming: Confuse
Press: ? - help, Shift-Dir - straight line, f - orc priest
Aim: an orc priest, wielding a whip (umbra, chance 67%)
The orc priest struggles to resist.
The orc wizard shouts!
The orc shouts!
The orc wizard mumbles some strange words.
The orc wizard flickers and vanishes for a moment.
The orc priest mumbles some strange prayers to Beogh against you.
Something smites you!
* * * LOW HITPOINT WARNING * * *
The orc priest mumbles some strange prayers to Beogh against you.
Something smites you!
You die...

.....#..........oo........#
....>###########o##.#######
##.### #o##.# #.# #.##.#
#.# #.##.###### #.#
#o##......# #.# #.#######.#
#.# #.# #.# #.# #@# #.#
##.# #.# #.# ...#
#.#######.# ####
#..).)....# #########.# #.#
###


You could see 2 orc priests, an orc wizard (invisible) and 2 orcs.

Vanquished Creatures
  Prince Ribbit (D:7)
  Eustachio (D:5)
  5 yaks (D:7)
  Menkaure (D:7)
  A necrophage (D:7)
  2 sky beasts
  5 ogres
  A phantom (D:4)
  2 ice beasts
  A centaur (D:7)
  The ghost of lorenzova the Sneak, an average SpAs (D:3)
  A gnoll sergeant (D:7)
  A giant frog (D:6)
  3 crimson imps
  A centaur zombie (D:6)
  2 hounds
  Crazy Yiuf (D:2)
  A giant frog skeleton (D:5)
  An orc wizard (D:6)
  Jessica (D:3)
  6 worker ants
  2 iguanas
  A hound zombie (D:7)
  9 adders
  6 gnolls (D:7)
  2 shadow imps (D:5)
  2 worms
  7 giant geckos
  9 orcs
  A bat skeleton (D:4)
  5 giant cockroaches
  15 goblins
  15 hobgoblins
  8 jackals
  A ball python (D:2)
  17 bats
  7 giant newts
  A jackal skeleton (D:6)
  20 kobolds
  3 quokkas
  A quokka skeleton (D:4)
  13 rats
184 creatures vanquished.

Notes
Turn   | Place    | Note
--------------------------------------------------------------
     0 | D:1      | lorenzova, the Spriggan Enchanter, began the quest for the Orb.
     0 | D:1      | Reached XP level 1. HP: 9/9 MP: 5/5
   334 | D:1      | Reached XP level 2. HP: 13/13 MP: 7/7
   857 | D:2      | Found a blossoming altar of Fedhas.
   857 | D:2      | Found a bloodstained altar of Trog.
   893 | D:2      | Learned a level 2 spell: Ensorcelled Hibernation
   917 | D:2      | Found a stormy altar of Qazlal.
   919 | D:2      | Found a burning altar of Makhleb.
  1017 | D:2      | Reached XP level 3. HP: 13/16 MP: 1/9
  1076 | D:2      | Learned a level 3 spell: Confuse
  1199 | D:2      | Found a glowing golden altar of the Shining One.
  1713 | D:2      | Noticed Crazy Yiuf
  1758 | D:2      | Killed Crazy Yiuf
  1758 | D:2      | Reached XP level 4. HP: 21/21 MP: 0/11
  1910 | D:3      | Reached skill level 5 in Hexes
  2177 | D:3      | Noticed lorenzova's ghost (average SpAs)
  2203 | D:3      | Killed lorenzova's ghost
  2203 | D:3      | Reached skill level 5 in Spellcasting
  2203 | D:3      | Reached XP level 5. HP: 24/24 MP: 7/13
  2249 | D:3      | Noticed Jessica
  2255 | D:3      | Killed Jessica
  2356 | D:3      | Reached skill level 6 in Hexes
  2754 | D:3      | Found a shattered altar of Ashenzari.
  2761 | D:3      | Found a sparkling altar of Nemelex Xobeh.
  2766 | D:3      | Found an opulent altar of Gozag.
  2773 | D:3      | Found a radiant altar of Vehumet.
  2780 | D:3      | Found a shimmering altar of Xom.
  2787 | D:3      | Found an ancient bone altar of Kikubaaqudgha.
  2792 | D:3      | Found a white marble altar of Elyvilon.
  3090 | D:4      | Found a staircase to the Ecumenical Temple.
  3115 | Temple   | Entered the Ecumenical Temple
  3273 | D:4      | Noticed an ogre
  3284 | D:4      | Killed an ogre
  3284 | D:4      | Reached XP level 6. HP: 28/28 MP: 9/16
  3509 | D:4      | Noticed an ogre
  3525 | D:4      | Killed an ogre
  3627 | D:4      | Reached skill level 7 in Hexes
  3708 | D:4      | Found a shadowy altar of Dithmenos.
  3718 | D:4      | Became a worshipper of Dithmenos the Shadowed
  3852 | D:4      | Reached XP level 7. HP: 32/32 MP: 9/18
  3989 | D:5      | Entered Level 5 of the Dungeon
  4114 | D:5      | Noticed Eustachio
  4170 | D:5      | Killed Eustachio
  4206 | D:5      | Reached skill level 5 in Stealth
  4206 | D:5      | Reached skill level 8 in Hexes
  4464 | D:5      | Reached XP level 8. HP: 27/36 MP: 9/21
  5352 | D:6      | Reached skill level 9 in Hexes
  6289 | D:7      | Acquired Dithmenos's first power
  6915 | D:7      | Noticed Menkaure
  6918 | D:7      | Killed Menkaure
  6938 | D:7      | Reached XP level 9. HP: 38/38 MP: 20/23
  7345 | D:7      | Noticed Prince Ribbit
  7353 | D:7      | Killed Prince Ribbit
  7353 | D:7      | Reached skill level 5 in Dodging
  7733 | D:7      | Killed from afar by an orc priest

Action                   |  1- 3 |  4- 6 |  7- 9 || total
-------------------------+-------+-------+-------++-------
Melee: Dagger            |   156 |   210 |   411 ||   777
 Cast: Ensorcelled Hiber |     3 |    12 |    27 ||    42
       Confuse           |     3 |    13 |    58 ||    74
  Use: Scroll            |       |       |     2 ||     2
 Stab: Sleeping          |    12 |    20 |    38 ||    70
       Confused          |     2 |     8 |    35 ||    45
  Eat: Pizza             |       |     1 |       ||     1
       Fruit             |       |       |     2 ||     2
       Royal jelly       |       |       |     1 ||     1
